 Dungeon Crawl Stone Soup version 0.30-a0-691-g754fce4c43 (webtiles) character file.

Game seed: 16771859171486992574

277742 Caratheodory the Stormcaller (level 19, -3/131 HPs)
             Began as an Octopode Air Elementalist on Jan 19, 2023.
             Was the Champion of Jiyva.
             Shot with an arrow by a deep elf master archer (37 damage)
             ... on level 3 of the Elven Halls on Jan 20, 2023.
             The game lasted 02:50:23 (45020 turns).

Caratheodory the Stormcaller (OpAE)                Turns: 45020, Time: 02:50:24

Health: -3/131     AC: 16    Str:  6    XL:     19   Next: 94%
Magic:  20/35      EV: 31    Int: 21    God:    Jiyva [******]
Gold:   1861       SH:  5    Dex: 28    Spells: 21/43 levels left

rFire   + . .      SeeInvis .      - Unarmed
rCold   . . .      Faith    .    (no shield)
rNeg    . . .      Spirit   .    (helmet restricted)
rPois   +          Reflect  +    F - amulet of reflection
rElec   .          Harm     .    T - +4 ring of protection
rCorr   +          Rampage  .    X - +5 ring of evasion
Will    +++++                    v - +4 ring of protection
Stlth   +++++                    w - ring of willpower
HPRegen 2.81/turn                B - +6 ring of dexterity
MPRegen 0.74/turn                h - ring of Melee {rPois rF+ Stlth+}
                                 N - ring of willpower
                                 n - +4 ring of slaying

@: no status effects
A: almost no armour, amphibious, 8 rings, camouflage 1, gelatinous body 1,
(nimble swimmer 1), tentacles, tentacle spike 1, iridescent scales 3, agile 2,
strong-willed 3, regeneration 1, shaggy fur 1, wild magic 3, acidic bite,
eyeballs 1, jelly sensing items
}: 3/15 runes: decaying, serpentine, slimy
a: Renounce Religion, Oozemancy, Slimify


You were on level 3 of the Elven Halls.
You worshipped Jiyva.
Jiyva was exalted by your worship.
You visited 8 branches of the dungeon, and saw 39 of its levels.
You visited 1 bazaar.
You also visited: Ice Cave.

You collected 3933 gold pieces.
You spent 2072 gold pieces at shops.

Inventory:

Jewellery
 d - a +6 ring of intelligence
 h - the ring of Melee (on tentacle) {rPois rF+ Stlth+}
   (You found it on level 5 of the Pits of Slime)

   [ring of poison resistance]

   rF:        It protects you from fire.
   rPois:     It protects you from poison.
   Stlth:     It makes you more stealthy.
 n - a +4 ring of slaying (on tentacle)
 s - a ring of protection from cold
 v - a +4 ring of protection (on tentacle)
 w - a ring of willpower (on tentacle)
 B - a +6 ring of dexterity (on tentacle)
 F - an amulet of reflection (around mantle)
 N - a ring of willpower (on tentacle)
 T - a +4 ring of protection (left tentacle)
 W - a +4 ring of slaying
 X - a +5 ring of evasion (right tentacle)
 Y - the ring "Juvycr Viur" {Fly Int+3}
   (You found it on level 5 of the Pits of Slime)

   [ring of flight]

   Int:       It affects your intelligence (+3).
   Fly:       It grants you flight.
 Z - a ring of wizardry
Wands
 z - a wand of roots (8)
 C - a wand of mindburst (20)
 E - a wand of flame (20)
 H - a wand of digging (34)
 M - a wand of acid (5)
 P - a wand of polymorph (13)
Scrolls
 b - 2 scrolls of enchant armour
 f - 13 scrolls of teleportation
 j - 11 scrolls of enchant weapon
 k - 4 scrolls of fog
 p - 2 scrolls of poison
 t - 2 scrolls of brand weapon
 u - 6 scrolls of vulnerability
 x - 2 scrolls of fear
 y - 6 scrolls of immolation
 D - 5 scrolls of amnesia
 G - 2 scrolls of torment
 I - a scroll of identify
 K - 2 scrolls of summoning
 Q - a scroll of blinking
Potions
 a - a potion of experience {unknown}
 c - a potion of invisibility
 e - 22 potions of curing
 g - 3 potions of haste
 i - 8 potions of might
 l - a potion of ambrosia {unknown}
 m - a potion of lignification
 o - 2 potions of attraction
 q - 6 potions of mutation
 r - 5 potions of flight
 A - 6 potions of brilliance
 J - 3 potions of cancellation
 O - a potion of berserk rage {unknown}
 R - 2 potions of magic
 U - a potion of resistance


   Skills:
 + Level 11.9 Fighting
 + Level 12.6 Dodging
 - Level 2.6 Stealth
 + Level 18.1 Unarmed Combat
 - Level 12.6 Spellcasting
 - Level 1.0 Conjurations
 - Level 13.8 Transmutations
 + Level 18.3 Air Magic


You had 21 spell levels left.
You knew the following spells:

 Your Spells              Type           Power      Damage    Failure   Level
a - Shock                 Conj/Air       100%       1d9       2%          1
b - Static Discharge      Conj/Air       100%       2-7/arc   2%          2
c - Swiftness             Air            100%       N/A       1%          3
d - Airstrike             Air            53%        2d(8-24)  1%          4
e - Spider Form           Tmut/Pois      69%        N/A       6%          3
f - Arcjolt               Conj/Air       40%        1d50      12%         5
g - Ice Form              Ice/Tmut       69%        N/A       13%         4

Your spell library contained the following spells:

 Spells                   Type           Power      Damage    Failure   Level
 Beastly Appendage        Tmut           100%       N/A       1%          1
 Wereblood                Tmut           94%        N/A       1%          2
 Sting                    Tmut/Pois      100%       1d8       3%          1
 Passwall                 Tmut/Erth      57%        N/A       4%          2
 Vhi's Electric Charge    Tloc/Air       100%       N/A       4%          3
 Blade Hands              Tmut           47%        N/A       4%          5
 Lightning Bolt           Conj/Air       40%        1d59      12%         5
 Petrify                  Tmut/Erth      69%        N/A       13%         4
 Kiss of Death            Conj/Necr      100%       2d13      16%         1
 Apportation              Tloc           50%        N/A       17%         1
 Freeze                   Ice            100%       1d10      17%         1
 Necrotise                Necr           100%       1d9       17%         1
 Summon Small Mammal      Summ           100%       N/A       17%         1
 Momentum Strike          Conj/Tloc      58%        3d9       21%         2
 Blink                    Tloc           50%        N/A       24%         2
 Ensorcelled Hibernation  Hex/Ice        50%        N/A       24%         2
 Lesser Beckoning         Tloc           50%        N/A       24%         2
 Sublimation of Blood     Necr           25%        N/A       24%         2
 Alistair's Intoxication  Tmut/Pois      46%        N/A       26%         5
 Freezing Cloud           Conj/Ice/Air   33%        6-21      28%         5
 Hailstorm                Conj/Ice       29%        3d8       32%         3
 Conjure Ball Lightning   Conj/Air       40%        3x3d13    36%         6
 Call Canine Familiar     Summ           25%        N/A       38%         3
 Confusing Touch          Hex            25%        N/A       38%         3
 Frozen Ramparts          Ice            50%        1d8       38%         3
 Gell's Gravitas          Tloc           25%        N/A       38%         3
 Ozocubu's Armour         Ice            25%        N/A       38%         3
 Portal Projectile        Hex/Tloc       50%        N/A       38%         3
 Summon Guardian Golem    Hex/Summ       25%        N/A       38%         3
 Teleport Other           Tloc           25%        N/A       38%         3
 Tukima's Dance           Hex            25%        N/A       38%         3
 Vampiric Draining        Necr           25%        2d7       38%         3
 Statue Form              Tmut/Erth      46%        N/A       67%         6
 Dispel Undead            Necr           25%        3d12      71%         4
 Leda's Liquefaction      Hex/Erth       12%        N/A       71%         4
 Olgreb's Toxic Radiance  Pois           25%        N/A       71%         4
 Summon Ice Beast         Ice/Summ       25%        N/A       71%         4
 Iskenderun's Battlesphe  Conj           33%        2d9       86%         5
 Fireball                 Conj/Fire      14%        3d8       91%         5
 Borgnjor's Vile Clutch   Necr/Erth      12%        N/A       94%         5
 Lee's Rapid Deconstruct  Erth           12%        3d9*      94%         5
 Metabolic Englaciation   Hex/Ice        12%        N/A       94%         5
 Dispersal                Tloc           12%        N/A       100%        6
 Simulacrum               Ice/Necr       12%        N/A       100%        6
 Orb of Destruction       Conj           16%        9d7       100%        7
 Ozocubu's Refrigeration  Ice            12%        4d10      100%        7
 Summon Hydra             Summ           12%        N/A       100%        7
 Discord                  Hex            12%        N/A       100%        8
 Disjunction              Tloc           12%        N/A       100%        8
 Ignition                 Fire           12%        3d6       100%        8
 Necromutation            Tmut/Necr      34%        N/A       100%        8


Dungeon Overview and Level Annotations

Branches:
Dungeon (15/15)            Temple (1/1) D:7            Lair (5/5) D:9
  Swamp (4/4) Lair:3        Snake (4/4) Lair:3        Slime (5/5) Lair:5
    Orc (2/2) D:10            Elf (3/3) Orc:2        Vaults (0/5) D:13
 Depths (0/4) D:15          IceCv (visited)

Altars:
Ashenzari
Cheibriados
Dithmenos
Elyvilon
Fedhas
Gozag
Kikubaaqudgha
Makhleb
Nemelex Xobeh
Okawaru
Qazlal
Ru
Sif Muna
Trog
Uskayaw
Vehumet
Wu Jian
Xom
Yredelemnul
Zin
The Shining One
Jiyva

Shops:
D:5 (   D:11 [   D:12 ?   D:15 [   Orc:1 [   Orc:2 [*(:   Elf:1 *   Snake:2 *
Snake:4 ?

Portals:
Trove: D:12 (give 5 scrolls of blinking)

Annotations:
D:11 3 runed translucent doors, Rrauwl's ghost, journeyman TeHu
D:14 1 runed translucent door, WasteTime5's ghost, journeyman DsFE
Slime:3 Dissolution
Slime:5 Royal Jelly


Innate Abilities, Weirdness & Mutations

You cannot wear most types of armour.
You are amphibious.
You can wear up to eight rings at the same time.
Your skin changes colour to match your surroundings (Stealth+).
Your rubbery body absorbs attacks. (AC +1, EV +1)
((You are camouflaged when in or above water. (Stealth+)))
You have tentacles for arms and can constrict up to eight enemies at once.
One of your tentacles bears a spike.
You are completely covered in iridescent scales. (AC +6)
You are very agile. (Dex +8, Str/Int -2)
You are extremely strong-willed. (Will+++)
Your natural rate of healing is unusually fast.
You are covered in fur. (AC +1)
Your spells are much harder to cast, but much more powerful.
You have acidic saliva.
Your body has grown eyes which may confuse attackers. (Acc +3)
You have a small jelly attached to you that senses nearby items.


Message History

The deep elf high priest mumbles some strange prayers to its god.
The deep elf high priest begins emitting a brilliant aura!
The deep elf death mage is empowered by the deep elf high priest's aura!
The deep elf elementalist is empowered by the deep elf high priest's aura!
The deep elf sorcerer is empowered by the deep elf high priest's aura!
A deep elf elementalist comes into view.
It is wielding a +0 short sword.
The deep elf elementalist shouts!
The deep elf elementalist moves out of view.
Things that are here:
a +0 long sword; an elf corpse A deep elf death mage comes into view.
It is wielding a +0 long sword.
A fire elemental comes into view.
The deep elf high priest calls down the wrath of its god upon you.
Something smites you!
You hear a shout!
A deep elf blademaster comes into view. It is wielding two +0 rapiers.
Things that are here:
a +0 long sword; a +0 ring mail; an elf corpse You barely miss the deep elf death mage.
You grab the deep elf death mage.
Your tentacle spike misses the deep elf death mage.
You tentacle-slap the deep elf death mage!
You squeeze the deep elf death mage.
The deep elf death mage is severely wounded.
You constrict the deep elf death mage. You batter the deep elf death mage!!
You pierce the deep elf death mage.
You squeeze the deep elf death mage.
You kill the deep elf death mage!
A deep elf archer comes into view. It is wielding a +0 dagger.
Things that are here:
a +0 long sword; an elf corpse You hear a shout!
The deep elf master archer shoots an arrow.
The arrow hits you!!
The deep elf master archer shoots an arrow.
The arrow hits you!!
* * * LOW HITPOINT WARNING * * *
The deep elf master archer shoots an arrow.
The arrow hits you!!!
You die...

#.# #.## #..# ##.#
##### #.# ####.....##
#.#
°°........######'####
#○.......#.........##
#..°.......E.e@.)<..##
#...○.....○......)...#
#........○...........#
+<....○e○...........##
#....))e...........##
#####)##############


.ee ....e ....... You could see a deep elf blademaster, a deep elf master
archer, a deep elf sorcerer (fast, empowered) and a fire elemental.

Vanquished Creatures
  Bai Suzhen (Swamp:4)
  Nikola (Swamp:4)
  Jorgrun (Snake:2)
  Rupert (Lair:5)
  A deep elf blademaster (Elf:2)
  Asterion (Snake:1)
  6 thorn hunters
  Kirke (Lair:4)
  5 nagarajas (Snake:4)
  A fenstrider witch (Swamp:4)
  3 deep elf elementalists
  Aizul (Snake:3)
  An orc warlord (Orc:2)
  2 very ugly things (Swamp:4)
  An eleionoma (Swamp:4)
  A deep elf demonologist (Elf:3)
  Azrael (D:12)
  A deep elf annihilator (Elf:1)
  3 bunyips
  A deep elf death mage (Elf:3)
  2 green deaths (Swamp:4)
  2 fire dragons
  5 shambling mangroves
  3 rakshasas
  A hell beast (Swamp:4)
  17 hydras
  2 ghost crabs
  Erica (D:10)
  2 ogre magi
  4 centaur warriors
  8 salamander tyrants
  An ice dragon (IceCv)
  12 anacondas
  10 alligators
  24 dancing weapons
  2 death knights
  4 tengu warriors
  12 naga warriors
  9 two-headed ogres
  2 boulder beetles
  2 orc high priests (Orc:2)
  8 naga sharpshooters
  6 shock serpents
  A thrashing horror (Swamp:4)
  12 deep elf knights
  A skeletal warrior (D:14)
  7 salamander mystics
  A fire crab (Lair:5)
  4 spriggan druids
  3 goliath frogs (Swamp:1)
  6 swamp dragons
  7 bog bodies
  A harpy (shapeshifter) (D:10)
  9 deep elf archers
  4 orc knights
  4 naga ritualists
  A wizard (D:14)
  Pikel (D:9)
  25 deep elf zephyrmancers
  10 mana vipers
  18 deep elf pyromancers
  4 will-o-the-wisps
  5 orc sorcerers
  2 manticores
  10 ugly things
  2 oklob plants (Swamp:2)
  2 cyclopes
  3 elephants (Lair:5)
  25 black mambas
  28 salamanders
  Joseph (D:7)
  7 guardian serpents
  10 naga magi
  Maurice (Orc:2)
  2 molten gargoyles (Lair:5)
  An orange demon (Swamp:4)
  A gargoyle (D:10)
  A torpor snail (Lair:4)
  2 ice statues (IceCv)
  An unseen horror (D:12)
  11 cane toads
  7 rime drakes
  4 yaktaurs (D:13)
  10 komodo dragons
  An efreet (D:15)
  7 freezing wraiths
  2 tengu conjurers
  4 guardian mummies (D:14)
  2 bloated husks
  3 polar bears
  4 trolls
  13 hornets
  Grinder (D:4)
  26 blink frogs
  9 tyrant leeches
  6 spriggans
  2 air elementals
  A centaur simulacrum (D:15)
  3 shadows (Swamp:4)
  2 water elementals (Elf:1)
  10 wyverns
  3 wraiths
  2 vampires
  5 basilisks
  4 hogs (Lair:4)
  3 steam dragons
  A hog (shapeshifter) (Elf:2)
  30 yaks
  8 fire elementals
  Grum (D:8)
  12 vampire mosquitoes
  16 swamp worms
  10 wargs
  52 nagas
  4 acid dragons
  15 water moccasins
  7 hell hounds
  A swamp drake (Swamp:3)
  22 orc warriors
  3 sky beasts
  11 ogres
  4 black bears
  27 wolves
  7 centaurs
  A lemure (D:8)
  6 kobold brigands
  15 bullfrogs
  3 earth elementals
  A necrophage (D:7)
  2 gnoll sergeants (D:10)
  4 scorpions
  10 wights
  4 lindwurm simulacra (IceCv)
  7 killer bees
  4 howler monkeys
  3 electric eels
  5 lava snakes (Lair:5)
  4 jellies
  5 komodo dragon simulacra (IceCv)
  15 orc priests
  2 hounds
  2 gnoll boudas
  3 iguanas
  25 orc wizards
  4 hell rats (Lair:5)
  4 mummies (D:14)
  12 gnolls
  7 acid dragon simulacra (IceCv)
  10 adders
  A shadow imp (D:6)
  13 white imps
  5 steam dragon simulacra (IceCv)
  An ufetubus (D:6)
  4 worms
  A dart slug (D:1)
  69 orcs
  5 ball pythons
  6 bats
  10 endoplasms
  A giant cockroach (D:4)
  9 goblins
  4 hobgoblins
  3 jackals (D:1)
  A quokka (D:1)
  3 frilled lizards
  20 kobolds
  8 rats
1094 creatures vanquished.

Vanquished Creatures (collateral kills)
  Vashnia (Snake:2)
  Roxanne (Snake:1)
  A deep elf demonologist (Elf:3)
  2 deep elf annihilators (Elf:3)
  3 naga warriors (Snake:2)
  A naga sharpshooter (Snake:2)
  An orc high priest (Orc:2)
  Urug (Orc:1)
  A deep elf knight (Elf:2)
  A phantasmal warrior (D:15)
  An orc knight (Orc:1)
  2 deep elf zephyrmancers
  A deep elf pyromancer (Elf:2)
  5 ugly things (D:15)
  An orc sorcerer (Orc:2)
  2 vampire mosquitoes (D:15)
  2 orc warriors (Orc:2)
  A gnoll sergeant (Orc:1)
  An orc (Orc:2)
29 creatures vanquished.

Vanquished Creatures (others)
  A great orb of eyes (Swamp:4)
  A hell beast (Swamp:4)
  A centaur warrior (D:13)
  A boulder beetle (D:13)
  A glowing orange brain (D:15)
  A bog body (Swamp:4)
  A deep elf archer (Elf:1)
  A deep elf zephyrmancer (Elf:2)
  A deep elf pyromancer (Elf:2)
  A will-o-the-wisp (Swamp:1)
  3 ugly things (D:15)
  24 slime creatures
  A dream sheep (shapeshifter) (D:15)
  A water elemental (Elf:1)
  A shadow (Swamp:4)
  A wraith (D:13)
  A large abomination (Swamp:4)
  3 nagas
  A hell hound (Lair:5)
  2 orc warriors (Orc:2)
  4 centaurs (D:13)
  3 orc priests (Orc:2)
  136 jellies
  An orc wizard (Orc:2)
  4 orcs (Orc:2)
  A briar patch (Swamp:4)
  15 foxfires
  64 fungi
  54 plants
330 creatures vanquished.

Grand Total: 1453 creatures vanquished

Notes
Turn   | Place    | Note
-------+----------+-------------------------------------------
     0 | D:1      | Caratheodory the Octopode Air Elementalist began the quest
                  | for the Orb.
     0 | D:1      | Reached XP level 1. HP: 11/11 MP: 3/3
   231 | D:1      | Reached XP level 2. HP: 18/18 MP: 0/5
   234 | D:1      | Learned a level 2 spell: Static Discharge
   581 | D:1      | Reached skill level 1 in Fighting
   881 | D:1      | Reached skill level 1 in Unarmed Combat
   881 | D:1      | Reached XP level 3. HP: 20/23 MP: 0/6
  1572 | D:2      | Reached XP level 4. HP: 28/28 MP: 0/7
  3144 | D:3      | Reached XP level 5. HP: 34/34 MP: 3/9
  3937 | D:4      | Noticed Grinder
  3954 | D:4      | Paralysed by Grinder for 3 turns
  3963 | D:4      | Killed Grinder
  3964 | D:4      | Reached XP level 6. HP: 3/42 MP: 5/10
  4395 | D:4      | Learned a level 3 spell: Swiftness
  4748 | D:5      | Entered Level 5 of the Dungeon
  4905 | D:5      | Found a shimmering blue altar of Sif Muna.
  4952 | D:5      | Reached XP level 7. HP: 37/46 MP: 3/11
  5021 | D:5      | Found Irufys's Weapon Boutique.
  5049 | D:5      | Reached skill level 5 in Air Magic
  6336 | D:6      | Reached XP level 8. HP: 32/54 MP: 2/12
  6471 | D:6      | Found an iron altar of Okawaru.
  6516 | D:6      | Learned a level 4 spell: Airstrike
  6882 | D:6      | Reached skill level 5 in Unarmed Combat
  6939 | D:6      | Reached skill level 5 in Fighting
  7058 | D:6      | Found a broken altar of Ashenzari.
  7186 | D:6      | Found a hide-covered altar of Uskayaw.
  7951 | D:7      | Noticed a wyvern
  7955 | D:7      | Killed a wyvern
  7956 | D:7      | Reached XP level 9. HP: 59/62 MP: 0/15
  8285 | D:7      | Found a staircase to the Ecumenical Temple.
  8304 | Temple   | Entered the Ecumenical Temple
  8346 | Temple   | Became a worshipper of the Shining One
  8803 | D:7      | Found a glowing silver altar of Zin.
  9000 | D:7      | Noticed Joseph
  9025 | D:7      | Killed Joseph
  9026 | D:7      | Reached skill level 5 in Spellcasting
  9561 | D:8      | Noticed Grum
  9993 | D:8      | Killed Grum
  9994 | D:8      | Reached XP level 10. HP: 65/71 MP: 1/18
 10223 | D:8      | Reached * piety under the Shining One
 10472 | D:9      | Noticed Pikel
 10568 | D:9      | Found a staircase to the Lair.
 11511 | D:9      | Found a blossoming altar of Fedhas.
 11592 | D:9      | Killed Pikel
 11698 | D:9      | Found a bloodstained altar of Trog.
 11888 | D:10     | Entered Level 10 of the Dungeon
 12286 | D:10     | Noticed Erica
 12300 | D:10     | Killed Erica
 12459 | D:10     | Noticed a gargoyle
 12468 | D:10     | Killed a gargoyle
 12469 | D:10     | Reached XP level 11. HP: 76/78 MP: 6/21
 12621 | D:10     | Reached ** piety under the Shining One
 12903 | D:10     | a hornet changed into an entropy weaver
 12903 | D:10     | Noticed an entropy weaver (shapeshifter)
 12910 | D:10     | an entropy weaver changed into a harpy
 12910 | D:10     | Noticed a harpy (shapeshifter)
 12915 | D:10     | Killed a harpy
 13100 | D:10     | Found a sacrificial altar of Ru.
 13165 | D:10     | Found a staircase to the Orcish Mines.
 14301 | Lair:1   | Entered Level 1 of the Lair of Beasts
 15050 | Lair:1   | Reached skill level 10 in Air Magic
 15278 | Lair:1   | HP: 3/80 [cane toad (19)]
 15279 | Lair:1   | HP: 1/80 [/static electricity (2)]
 15776 | Lair:1   | Reached XP level 12. HP: 35/87 MP: 8/24
 16200 | Lair:1   | Reached skill level 10 in Unarmed Combat
 16673 | Lair:2   | Reached skill level 10 in Fighting
 16812 | Lair:2   | Noticed an eight-headed hydra
 16819 | Lair:2   | Killed an eight-headed hydra
 17182 | Lair:2   | Noticed a seven-headed hydra
 17186 | Lair:2   | Killed a seven-headed hydra
 18344 | Lair:3   | Found a staircase to the Swamp.
 18460 | Lair:3   | Reached skill level 1 in Transmutations
 18857 | Lair:3   | Reached *** piety under the Shining One
 18948 | Lair:3   | Found a staircase to the Snake Pit.
 19638 | Lair:3   | Reached XP level 13. HP: 46/92 MP: 26/26
 20141 | Lair:4   | Reached skill level 5 in Dodging
 20202 | Lair:4   | Noticed Kirke
 20384 | Lair:4   | Killed Kirke
 21501 | Lair:5   | Entered Level 5 of the Lair of Beasts
 22956 | Lair:5   | Reached **** piety under the Shining One
 23009 | Lair:5   | Found a staircase to the Slime Pits.
 23009 | Lair:5   | Found a viscous altar of Jiyva.
 23035 | Lair:5   | Reached skill level 5 in Transmutations
 23302 | Lair:5   | Fell from the grace of the Shining One
 23302 | Lair:5   | Became a worshipper of Jiyva Jubonede the Shapeless
 23624 | Lair:5   | Noticed Rupert
 23727 | Lair:5   | HP: 1/92 [Rupert/+0 great mace of protection (28)]
 23728 | Lair:5   | Noticed a fire dragon
 23732 | Lair:5   | Found a large runed translucent door.
 23732 | Lair:5   | Found a large runed translucent door.
 24820 | Lair:5   | Reached XP level 14. HP: 99/99 MP: 10/27
 24824 | Lair:5   | Learned a level 3 spell: Spider Form
 26563 | Lair:5   | Killed Rupert
 27036 | D:11     | Reached * piety under Jiyva
 27331 | D:11     | Found Qefog's Antique Armour Emporium.
 27412 | D:11     | Found a runed translucent gate.
 27413 | D:11     | Found a runed translucent gate.
 27414 | D:11     | Found a runed translucent gate.
 27416 | D:11     | Noticed Rrauwl's ghost (journeyman TeHu)
 27419 | D:11     | Found a viscous altar of Jiyva.
 27650 | D:12     | Identified a scroll of acquirement
 27650 | D:12     | Acquired a +4 ring of slaying
 27770 | D:12     | Found a frozen archway.
 27840 | IceCv    | Entered an ice cave
 28528 | IceCv    | Got the Dissertation on Firn
 28653 | D:12     | Reached ** piety under Jiyva
 28676 | D:12     | Found a portal to a secret trove of treasure.
 28782 | D:12     | Found Cohoh's Magic Scroll Emporium.
 28790 | D:12     | Bought a scroll of identify for 28 gold pieces
 28790 | D:12     | Bought a scroll of identify for 28 gold pieces
 28790 | D:12     | Bought a scroll of identify for 28 gold pieces
 28832 | D:12     | Noticed Azrael
 29223 | D:12     | Killed Azrael
 29306 | D:12     | Reached *** piety under Jiyva
 29853 | D:13     | Gained mutation: You are agile. (Dex +4, Str/Int -1)
                  | [Jiyva's grace]
 29853 | D:13     | Gained mutation: You are very agile. (Dex +8, Str/Int -2)
                  | [Jiyva's grace]
 29853 | D:13     | Gained mutation: One of your tentacles bears a spike.
                  | [Jiyva's grace]
 29853 | D:13     | Gained mutation: One of your tentacles bears a nasty spike.
                  | [Jiyva's grace]
 30065 | D:13     | Reached **** piety under Jiyva
 30345 | D:13     | Found a gate to the Vaults.
 30568 | D:14     | Found a runed translucent door.
 30603 | D:14     | Reached XP level 15. HP: 82/103 MP: 13/28
 31503 | D:14     | Noticed WasteTime5's ghost (journeyman DsFE)
 31610 | D:15     | Entered Level 15 of the Dungeon
 31610 | D:15     | Found Fieppyel's Antique Armour Emporium.
 31719 | D:15     | Identified the +7 sling "Killer Bee's Bane" {elec, rC-
                  | Will+ SInv}
 31777 | D:15     | Reached ***** piety under Jiyva
 31903 | D:15     | Found a staircase to the Depths.
 32130 | D:15     | HP: 5/103 [phantasmal warrior[a death knight] (32)]
 32136 | D:15     | Reached skill level 10 in Dodging
 32491 | D:15     | Lost mutation: You are very agile. (Dex +8, Str/Int -2)
                  | [Jiyva's grace]
 32491 | D:15     | Gained mutation: You have a small jelly attached to you
                  | that senses nearby items. [Jiyva's grace]
 32491 | D:15     | Gained mutation: You possess an exceptional clarity of
                  | mind. [Jiyva's grace]
 32491 | D:15     | Gained mutation: A frigid envelope surrounds you and
                  | freezes all who hurt you. [Jiyva's grace]
 32491 | D:15     | Gained mutation: Your melee attacks may engulf your foes in
                  | ooze. [Jiyva's grace]
 32716 | Orc:1    | Entered Level 1 of the Orcish Mines
 32761 | Orc:1    | Found Aju Hay's Armour Emporium.
 33022 | Orc:2    | Entered Level 2 of the Orcish Mines
 33234 | Orc:2    | Identified the +10 spear of Sosir {venom, Dex+2}
 33377 | Orc:2    | Found a staircase to the Elven Halls.
 33385 | Orc:2    | Noticed Maurice
 33388 | Orc:2    | Killed Maurice
 34067 | Orc:2    | Lost mutation: A frigid envelope surrounds you and freezes
                  | all who hurt you. [Jiyva's grace]
 34067 | Orc:2    | Gained mutation: You have acidic saliva. [Jiyva's grace]
 34067 | Orc:2    | Gained mutation: Your natural rate of healing is unusually
                  | fast. [Jiyva's grace]
 34067 | Orc:2    | Gained mutation: You heal very quickly. [Jiyva's grace]
 34067 | Orc:2    | Gained mutation: You regenerate. [Jiyva's grace]
 34095 | Orc:2    | Found Goudofi's General Store.
 34096 | Orc:2    | Found Othrucsimao's Book Boutique.
 34098 | Orc:2    | Found Qistuqoe's Antique Armour Shop.
 34098 | Orc:2    | Found Hinuent's Antique Weapon Shop.
 34160 | Orc:2    | Noticed an orc warlord
 34172 | Orc:2    | Killed an orc warlord
 34173 | Orc:2    | Reached skill level 10 in Transmutations
 34173 | Orc:2    | Reached XP level 16. HP: 109/109 MP: 7/29
 34334 | Orc:1    | Reached ****** piety under Jiyva
 34362 | Orc:1    | Noticed Urug
 34375 | Orc:1    | Killed Urug
 34736 | Slime:1  | Entered Level 1 of the Pits of Slime
 34753 | Slime:1  | Noticed an azure jelly
 34753 | Slime:1  | Noticed an acid blob
 34755 | Slime:1  | Noticed an acid blob
 34758 | Slime:1  | Noticed an azure jelly
 34772 | Slime:1  | Noticed an azure jelly
 34919 | Slime:2  | Noticed an acid blob
 35137 | Slime:3  | Noticed an acid blob
 35152 | Slime:3  | Noticed Dissolution
 35385 | Slime:5  | Entered Level 5 of the Pits of Slime
 35427 | Slime:5  | Noticed the Royal Jelly
 35428 | Slime:5  | Found a viscous altar of Jiyva.
 35428 | Slime:5  | Noticed an acid blob
 35430 | Slime:5  | Noticed an acid blob
 35431 | Slime:5  | Noticed an acid blob
 35434 | Slime:5  | Identified the ring of Melee {rPois rF+ Stlth+}
 35436 | Slime:5  | Identified the +1 lajatang of Adwef {antimagic, rF+ Str-3
                  | Int+5 Stlth+}
 35442 | Slime:5  | Noticed an acid blob
 35444 | Slime:5  | Identified the ring "Juvycr Viur" {Fly Int+3}
 35446 | Slime:5  | Identified the +8 quarterstaff "Lusiuk" {heavy, Drain rPois
                  | rC++ Stlth+}
 35450 | Slime:5  | Noticed a rockslime
 35455 | Slime:5  | Got a slimy rune of Zot
 35467 | Slime:5  | Got the Grimoire of the Star-crossed Mortuary
 35469 | Slime:5  | Got the Vademecum on Poison and Bodies
 35484 | Slime:5  | Noticed an acid blob
 35516 | Slime:5  | Noticed an acid blob
 35642 | Slime:5  | Noticed an acid blob
 35813 | Swamp:1  | Entered Level 1 of the Swamp
 36096 | Orc:2    | Bought a book of Sloth for 504 gold pieces
 36096 | Orc:2    | Bought a book of Lightning for 532 gold pieces
 36102 | Orc:2    | Learned a level 5 spell: Arcjolt
 36107 | Orc:2    | Learned a level 4 spell: Ice Form
 36366 | Swamp:1  | You fall into a shaft and drop 1 floor!
 36518 | Swamp:2  | Reached skill level 15 in Air Magic
 36878 | Swamp:1  | Noticed a thorn hunter
 36887 | Swamp:1  | Killed a thorn hunter
 37137 | Swamp:2  | Noticed a thorn hunter
 37155 | Swamp:2  | Killed a thorn hunter
 37303 | Swamp:2  | Noticed a thorn hunter
 37326 | Swamp:2  | Killed a thorn hunter
 37366 | Swamp:2  | Noticed a thorn hunter
 37377 | Swamp:2  | Killed a thorn hunter
 37387 | Swamp:2  | Noticed a thorn hunter
 37394 | Swamp:2  | Reached skill level 15 in Unarmed Combat
 37403 | Swamp:2  | Killed a thorn hunter
 37443 | Swamp:2  | Reached skill level 10 in Spellcasting
 37723 | Swamp:3  | Lost mutation: You regenerate. [Jiyva's grace]
 37723 | Swamp:3  | Gained mutation: Your body has grown eyes which may confuse
                  | attackers. (Acc +3) [Jiyva's grace]
 37723 | Swamp:3  | Gained mutation: Your body has grown many eyes which may
                  | confuse attackers. (Acc +5) [Jiyva's grace]
 37723 | Swamp:3  | Gained mutation: Your body is covered in eyes which may
                  | confuse attackers. (Acc +7, SInv) [Jiyva's grace]
 37723 | Swamp:3  | Gained mutation: You are very agile. (Dex +8, Str/Int -2)
                  | [Jiyva's grace]
 38231 | Swamp:4  | Entered Level 4 of the Swamp
 38393 | Swamp:4  | Noticed a thorn hunter
 38452 | Swamp:4  | Noticed Nikola
 38464 | Swamp:4  | Killed Nikola
 38465 | Swamp:4  | Reached XP level 17. HP: 109/115 MP: 31/31
 38788 | Swamp:4  | Got a decaying rune of Zot
 39068 | Swamp:4  | Noticed Bai Suzhen
 39151 | Swamp:4  | Killed Bai Suzhen
 39356 | Swamp:4  | Acquired 781 gold pieces
 39452 | Snake:1  | Entered Level 1 of the Snake Pit
 39510 | Snake:1  | Lost mutation: One of your tentacles bears a nasty spike.
                  | [Jiyva's grace]
 39510 | Snake:1  | Lost mutation: One of your tentacles bears a spike.
                  | [Jiyva's grace]
 39510 | Snake:1  | Lost mutation: You possess an exceptional clarity of mind.
                  | [Jiyva's grace]
 39510 | Snake:1  | Lost mutation: Your body is covered in eyes which may
                  | confuse attackers. (Acc +7, SInv) [Jiyva's grace]
 39510 | Snake:1  | Gained mutation: You are partially covered in iridescent
                  | scales. (AC +2) [Jiyva's grace]
 39510 | Snake:1  | Gained mutation: You are mostly covered in iridescent
                  | scales. (AC +4) [Jiyva's grace]
 39510 | Snake:1  | Gained mutation: You are completely covered in iridescent
                  | scales. (AC +6) [Jiyva's grace]
 39510 | Snake:1  | Gained mutation: You have a pair of small antennae on your
                  | head. [Jiyva's grace]
 39851 | Snake:1  | Identified Roxanne's Anthology of the Figure
 39851 | Snake:1  | Noticed Roxanne
 39877 | Snake:1  | Killed Roxanne
 40028 | Snake:1  | Noticed Asterion
 40037 | Snake:1  | Killed Asterion
 40187 | Snake:2  | Noticed Vashnia
 40318 | Snake:2  | Noticed Jorgrun
 40422 | Snake:2  | Killed Jorgrun
 40570 | Snake:2  | Reached XP level 18. HP: 94/120 MP: 10/33
 40649 | Snake:2  | Killed Vashnia
 40727 | Snake:2  | Found Fosymin's Mayhem Merchandise.
 41026 | Snake:3  | Noticed Agnes
 41040 | Snake:2  | Slimified Agnes
 41040 | Snake:2  | Agnes changed into Agnes the acid blob
 41040 | Snake:2  | Noticed Agnes
 41377 | Snake:3  | Noticed Aizul
 41397 | Snake:3  | Killed Aizul
 41645 | Snake:4  | Entered Level 4 of the Snake Pit
 41651 | Snake:4  | Found Ystod's Magic Scroll Shop.
 41657 | Snake:4  | Bought a scroll of blinking for 120 gold pieces
 41657 | Snake:4  | Bought a scroll of acquirement for 832 gold pieces
 41657 | Snake:4  | Acquired 751 gold pieces
 41735 | Snake:4  | Lost mutation: You have a pair of small antennae on your
                  | head. [Jiyva's grace]
 41735 | Snake:4  | Lost mutation: You heal very quickly. [Jiyva's grace]
 41735 | Snake:4  | Gained mutation: You are strong-willed. (Will+) [Jiyva's
                  | grace]
 41735 | Snake:4  | Gained mutation: You are highly strong-willed. (Will++)
                  | [Jiyva's grace]
 41735 | Snake:4  | Gained mutation: You are extremely strong-willed. (Will+++)
                  | [Jiyva's grace]
 41735 | Snake:4  | Gained mutation: One of your tentacles bears a spike.
                  | [Jiyva's grace]
 42347 | Snake:4  | Reached XP level 19. HP: 71/127 MP: 6/35
 42472 | Snake:4  | Got a serpentine rune of Zot
 42895 | Elf:1    | Entered Level 1 of the Elven Halls
 43422 | Elf:1    | Found Uhejov's General Store.
 43769 | Elf:2    | Found a flickering gateway to a bazaar.
 43785 | Bazaar   | Entered a bazaar
 43793 | Bazaar   | Found Regiv's Jewellery Boutique.
 43797 | Bazaar   | Found Mejaz's Assorted Antiques.
 43797 | Bazaar   | Found Soip's Antique Weapon Boutique.
 43798 | Bazaar   | Found Wehicw's Antique Weapon Boutique.
 44081 | Elf:2    | Lost mutation: Your body has grown many eyes which may
                  | confuse attackers. (Acc +5) [Jiyva's grace]
 44081 | Elf:2    | Lost mutation: Your melee attacks may engulf your foes in
                  | ooze. [Jiyva's grace]
 44081 | Elf:2    | Gained mutation: Your spells are a little harder to cast,
                  | but a little more powerful. [Jiyva's grace]
 44081 | Elf:2    | Gained mutation: Your spells are harder to cast, but more
                  | powerful. [Jiyva's grace]
 44081 | Elf:2    | Gained mutation: Your spells are much harder to cast, but
                  | much more powerful. [Jiyva's grace]
 44081 | Elf:2    | Gained mutation: You are covered in fur. (AC +1) [Jiyva's
                  | grace]
 44348 | Elf:2    | Found a runed translucent gate.
 44349 | Elf:2    | Found a runed translucent gate.
 44349 | Elf:2    | Found a runed translucent gate.
 44924 | Elf:3    | Entered Level 3 of the Elven Halls
 45020 | Elf:3    | Shot with an arrow by a deep elf master archer

Illustrated notes

Levels and vault maps discovered:
D:1:      onia_arrival_mini_maze, layout_basic, hex_medium,
          hangedman_decor_push, corexii_corridor_pit
D:2:      layout_loops_ring
D:3:      layout_loops_ring, minmay_bisected
D:4:      dreamdust_elfheim, layout_basic, palyth_stone_intersect, uniq_grinder
D:5:      layout_loops_corners, kennysheep_orc_sif_temple, serial_shops,
          nicolae_shop_trees
D:6:      layout_cave_pods, okawaru_trees_2, lemuel_crystal_altar,
          eat_drink_and_be_merry_uskayaw, minmay_fractal_squares_5
D:7:      minmay_inner_zag, layout_basic, mainiacjoe_overflow_paths,
          minmay_temple_entry_glassed_door, kennysheep_generic_room_2,
          uniq_joseph
D:8:      layout_basic, uniq_grum
D:9:      nicolae_cairo_tiling_very_big, layout_loops_ring,
          trog_ov_bears_minmay, lemuel_tele_altar, uniq_pikel
D:10:     layout_roguey, mainiacjoe_overflow_cross_hatched,
          kennysheep_orc_monster_closet_entryway, uniq_erica
D:11:     hellmonk_ruined_rings, layout_small_grid, serial_shops,
          nicolae_shop_temple_entry_statues_fountains, gammafunk_ghost_ooze
D:12:     layout_irregular_city, portal_ice_cave_entry_imps,
          nicolae_trove_entry_isolated, serial_shops,
          nicolae_shop_advertising_works [nicolae_subvault_shop_adworks],
          lemuel_flamethrower_2, uniq_azrael
D:13:     layout_basic, hangedman_vaults_entry_quadrant_bands
D:14:     layout_gridville, ebering_ghost_reflecting_pool,
          kennysheep_cross_bottleneck, minmay_guarded_unrand_curses
D:15:     gammafunk_enter_depths_forms, layout_basic, serial_shops, shop,
          minmay_misc_feat_cross
Temple:   nicolae_temple_bog_church
Lair:1:   layout_cave_pods
Lair:2:   layout_chaotic_city, pdpol_lair_cavern_descent
Lair:3:   layout_small_grid, skrybe_swamp_entry_bodies, dummy_snake_entry,
          chequers_serial_rivers_room_b, serial_bayou_shore_a
Lair:4:   layout_misc_corridors, chequers_serial_rivers_large_a,
          serial_bayou_shore_b, uniq_kirke
Lair:5:   cheibrodos_lair_end_hotspot, layout_misc_corridors,
          minmay_slime_entry_pillars, st_stairs_3, uniq_rupert
Swamp:1:  layout_basic_swamp, evilmike_swamp_ruin_house_2, swamp_pool3
Swamp:2:  nicolae_swamp_phyte_club, layout_falls_marsh,
          evilmike_swamp_ruin_house_4
Swamp:3:  layout_basic_swamp, nicolae_swamp_some_circles, swamp_pool2
Swamp:4:  swamp_vile, layout_basic_swamp, uniq_nikola, uniq_bai_suzhen
Snake:1:  layout_concentric_octagons, serial_bayou_crossing, uniq_roxanne,
          uniq_asterion
Snake:2:  layout_misc_corridors, st_stairs_14, abandoned_shop,
          minmay_shop_mayhem, uniq_vashnia, uniq_jorgrun
Snake:3:  layout_onion_interference, uniq_agnes, uniq_aizul
Snake:4:  johnstein_snake_rune_scales, layout_misc_corridors, serial_shops,
          nicolae_shop_waterfront
Slime:1:  layout_caves
Slime:2:  cheibrodos_slime_lost_civilization_9, layout_caves
Slime:3:  layout_caves, nicolae_slime_phagocytosis, uniq_dissolution
Slime:4:  layout_caves
Slime:5
Orc:1:    layout_caves, serial_shops, shop, sword_in_stone
Orc:2:    st_orc_congregation, layout_diamond_mine, nooodl_orcs_dogs,
          uniq_maurice
Elf:1:    nicolae_elf_arrival_aired_out, layout_loops_cross, serial_shops,
          nicolae_take_the_stairs, minivault_28
Elf:2:    nicolae_elf_blades_splatter_lattice
          [nicolae_blade_entry_area_security], layout_loops_cross, serial_shops,
          bzr_entry_dummy
Elf:3:    minmay_elf_hall_circle, layout_gridlike, serial_shops,
          nicolae_shop_crystal, minivault_20, uniq_zenata

Skill      XL: |  1  2  3  4  5  6  7  8  9 10 11 12 13 14 15 16 17 18 19 |
---------------+----------------------------------------------------------+-----
Fighting       | 1 3 4 5 7 8 9 10 11 | 11.9
Unarmed Combat | 1 2 3 4 5 7 8 9 11 12 13 14 15 16 17 18 | 18.1
Spellcasting   | 3 4 5 6 8 9 10 11 12 | 12.6
Air Magic      | 4 5 6 7 9 10 11 12 13 14 15 16 17 18 | 18.3
Dodging        | 4 7 9 10 11 12 | 12.6
Transmutations | 2 5 8 10 11 12 13 | 13.8
Stealth        | |  2.6
Conjurations   | |  1.0

Action                   |  1- 3 |  4- 6 |  7- 9 | 10-12 | 13-15 | 16-18 | 19-21 || total
-------------------------+-------+-------+-------+-------+-------+-------+-------++-------
Melee: Unarmed           |    14 |    22 |    67 |   250 |   747 |   894 |   295 ||  2289
       Tentacles         |     5 |     8 |    19 |    84 |    73 |   143 |   121 ||   453
       Constrict         |     3 |     9 |    21 |    48 |    41 |    44 |    66 ||   232
       Punch             |       |     1 |     5 |    22 |    34 |    64 |    66 ||   192
       Kick              |       |       |       |       |    13 |    76 |   181 ||   270
       Bite              |       |       |       |       |       |    92 |    69 ||   161
Throw: Dart              |       |     2 |       |       |    36 |       |       ||    38
       Javelin           |       |       |       |       |     2 |       |       ||     2
 Cast: Shock             |    59 |    94 |   120 |   132 |    20 |       |       ||   425
       Static Discharge  |     6 |    15 |    33 |    46 |       |       |       ||   100
       Airstrike         |       |       |    17 |   133 |   485 |   182 |    13 ||   830
       Spider Form       |       |       |       |       |    49 |     4 |       ||    53
       Swiftness         |       |       |       |       |     1 |       |       ||     1
       Ice Form          |       |       |       |       |       |    29 |       ||    29
       Arcjolt           |       |       |       |       |       |    91 |    19 ||   110
Invok: Slimify           |       |       |       |       |       |     1 |       ||     1
Evoke: Wand              |       |       |       |     3 |    18 |       |       ||    21
  Use: Scroll            |     1 |       |     8 |     7 |    14 |     9 |     4 ||    43
       Potion            |       |     1 |     2 |     7 |     5 |     1 |     2 ||    18
 Stab: Sleeping          |       |       |       |       |       |    13 |     1 ||    14
       Confused          |       |       |       |       |       |    12 |       ||    12
       Distracted        |       |       |       |       |       |     6 |     6 ||    12
Armor: Skin              |     2 |       |    21 |    37 |    51 |   176 |    30 ||   317
Dodge: Dodged            |     8 |    13 |    54 |   136 |   693 |   956 |   203 ||  2063
Block: Other             |       |       |     6 |    63 |   145 |   205 |    36 ||   455
       Reflection        |       |       |     1 |     2 |    16 |    18 |     8 ||    45

Table legend: (Time is in decaauts)
 A = Elapsed time spent in this place.
 B = Non-inter-level travel time spent in this place.
 C = Inter-level travel time spent in this place.
 D = Time resting spent in this place.
 E = Time spent auto-exploring this place.
 F = Levels seen in this place.
 G = Mean time per level.
                   A        B        C        D        E       F      G
               +--------+--------+--------+--------+--------+-----+--------+
         Total |  44489 |  42064 |   2425 |    369 |  33092 |  41 | 1085.1 |
       Dungeon |  19844 |  18886 |    958 |     78 |  15757 |  15 | 1322.9 |
        Temple |     58 |     42 |     16 |      0 |     30 |   1 |   58.0 |
          Lair |  12748 |  12029 |    719 |    280 |  10081 |   5 | 2549.6 |
         Swamp |   2990 |   2877 |    113 |      0 |   1934 |   4 |  747.5 |
     Snake Pit |   3106 |   2971 |    135 |      2 |   1898 |   4 |  776.5 |
    Slime Pits |    989 |    893 |     96 |      0 |    843 |   5 |  197.8 |
  Orcish Mines |   1973 |   1714 |    259 |      0 |   1021 |   2 |  986.5 |
   Elven Halls |   1953 |   1827 |    126 |      0 |   1157 |   3 |  651.0 |
        Bazaar |     58 |     58 |      0 |      0 |     32 |   1 |   58.0 |
      Ice Cave |    765 |    765 |      0 |      9 |    339 |   1 |  765.0 |
               +--------+--------+--------+--------+--------+-----+--------+

Top non-repeatable levels by time:
  Lair:5: 4916 daAuts
    D:10: 2385 daAuts
  Lair:1: 2354 daAuts
  Lair:4: 2306 daAuts
     D:9: 2005 daAuts
     D:7: 1702 daAuts
  Lair:2: 1615 daAuts
  Lair:3: 1556 daAuts
     D:6: 1552 daAuts
   Orc:2: 1480 daAuts
     D:3: 1420 daAuts
     D:1: 1376 daAuts
     D:5: 1375 daAuts
    D:13: 1139 daAuts
    D:14: 1112 daAuts
